[Event "GER-chT Youth Countries 2020"]
[Site "Berlin"]
[Date "2020.10.01"]
[Round "3"]
[White "Hinrichs, Paul"]
[Black "Ermitsch, Magnus"]
[Result "1-0"]
[ECO "E54"]
[WhiteElo "2152"]
[BlackElo "2025"]
[Annotator "ChessBase"]
[PlyCount "100"]
[EventDate "2020.09.30"]
[EventType "team-tourn"]
[EventRounds "7"]
[EventCountry "GER"]
[SourceTitle "playchess.com"]
[Source "ChessBase"]
[SourceQuality "1"]
[TimeControl "30/5400+30:0"]

1. d4 Nf6 2. c4 e6 3. Nc3 Bb4 4. e3 O-O 5. Bd3 c5 6. Nf3 d5 7. O-O dxc4 8. Bxc4 cxd4 9. exd4 b6 10. Bg5 Bb7 11. Rc1 h6 12. Bh4 Nc6 13. a3 Be7 14. Re1 Nd5 15. Bxd5 Bxh4 16. Nxh4 Qxh4 17. g3 Qd8 18. Bg2 Na5 19. d5 exd5 20. Nxd5 Rb8 21. b4 Bxd5 22. Qxd5 Qxd5 23. Bxd5 Rfd8 24. Bxf7+ Kxf7 25. bxa5 bxa5 26. Rc7+ Kf6 27. Ree7 Rg8 28. Rf7+ Kg6 29. Rf4 h5 30. Ra4 Rgf8 31. Rxa5 Rb1+ 32. Kg2 Rb2 33. Rc6+ Kh7 34. Rxh5+ Kg8 35. h4 Rbxf2+ 36. Kh3 R2f5 37. Rg5 Rxg5 38. hxg5 Rf5 39. g6 Kf8 40. Ra6 Rc5 41. Rxa7 Rc6 42. Rf7+ Kg8 43. a4 Rxg6 44. Rf5 Ra6 45. a5 Kh7 46. Kg4 g6 47. Rb5 Rc6 48. Kg5 Ra6 49. g4 Rc6 50. Kh4 Rc4 1-0

[Event "GER-chT Youth Countries 2020"]
[Site "Berlin"]
[Date "2020.10.01"]
[Round "3"]
[White "Tiarks, Jann-Christian"]
[Black "Zimmer, Luca"]
[Result "0-1"]
[ECO "C00"]
[WhiteElo "2151"]
[BlackElo "1690"]
[Annotator "ChessBase"]
[PlyCount "104"]
[EventDate "2020.09.30"]
[EventType "team-tourn"]
[EventRounds "7"]
[EventCountry "GER"]
[SourceTitle "playchess.com"]
[Source "ChessBase"]
[SourceQuality "1"]
[TimeControl "30/5400+30:0"]

1. e4 e6 2. d3 d5 3. Nd2 Nf6 4. Ngf3 Bc5 5. e5 Nfd7 6. Be2 Bb6 7. c3 c5 8. Nb3 Nc6 9. d4 f6 10. exf6 Qxf6 11. Bg5 Qf8 12. O-O c4 13. Nbd2 Nf6 14. b3 cxb3 15. axb3 Qf7 16. b4 O-O 17. b5 Nd8 18. Ne5 Qe8 19. Bd3 Qh5 20. Ndf3 Ng4 21. Nxg4 Qxg4 22. Be7 Rf7 23. Bxh7+ Kh8 24. Ne5 Qxd1 25. Nxf7+ Nxf7 26. Rfxd1 Kxh7 27. Rd3 Bd7 28. Rf3 Kg8 29. Rb1 Bd8 30. Bc5 b6 31. Ba3 Bc7 32. Re3 Bd6 33. Ra1 Bxa3 34. Rxa3 Nd6 35. Rb3 Nxb5 36. f4 Nd6 37. g4 Nc4 38. Re2 a5 39. f5 exf5 40. Re7 Ba4 41. Rb1 fxg4 42. Rbe1 Kf8 43. Rb7 Re8 44. Rf1+ Kg8 45. Rff7 Bc2 46. Rxg7+ Kh8 47. Rg5 Be4 48. Kf2 Rf8+ 49. Ke1 Rf6 50. Rxg4 a4 51. Rbg7 a3 52. Ra7 Na5 0-1

[Event "GER-chT Youth Countries 2020"]
[Site "Berlin"]
[Date "2020.10.01"]
[Round "3"]
[White "Sreyas Payyappat"]
[Black "Hecht, Jonas Christian"]
[Result "1/2-1/2"]
[ECO "B33"]
[WhiteElo "2144"]
[BlackElo "1764"]
[Annotator "ChessBase"]
[PlyCount "103"]
[EventDate "2020.09.30"]
[EventType "team-tourn"]
[EventRounds "7"]
[EventCountry "GER"]
[SourceTitle "playchess.com"]
[Source "ChessBase"]
[SourceQuality "1"]
[TimeControl "30/5400+30:0"]

1. e4 c5 2. Nf3 Nc6 3. d4 cxd4 4. Nxd4 Nf6 5. Nc3 e5 6. Ndb5 d6 7. Bg5 a6 8. Na3 Be6 9. Nc4 Rb8 10. Ne3 Be7 11. Bxf6 Bxf6 12. Bc4 O-O 13. O-O Bg5 14. Ned5 Nd4 15. f4 Bh6 16. f5 Bxd5 17. Nxd5 Bg5 18. f6 Bxf6 19. c3 Ne6 20. Nxf6+ gxf6 21. Qg4+ Kh8 22. Qf5 Nf4 23. Rad1 Rg8 24. Rxf4 exf4 25. Qxf4 Qe7 26. Rxd6 Rbd8 27. Qxf6+ Qxf6 28. Rxf6 Rd2 29. Rf2 Rxf2 30. Kxf2 Kg7 31. Kf3 Kf6 32. Bd5 b6 33. Kf4 Ke7 34. g4 Rg6 35. Bc4 a5 36. h4 Rd6 37. Bd5 h6 38. g5 hxg5+ 39. hxg5 Rd8 40. b4 axb4 41. cxb4 Rc8 42. Ke5 Rc1 43. Kd4 b5 44. e5 Re1 45. Bc6 Ra1 46. Bxb5 Rxa2 47. Bd3 Rg2 48. g6 fxg6 49. b5 g5 50. Kc3 Rh2 51. b6 Rh8 52. b7 1/2-1/2

[Event "GER-chT Youth Countries 2020"]
[Site "Berlin"]
[Date "2020.10.01"]
[Round "3"]
[White "Khachatryan, Taron"]
[Black "Gallasch, Jonas"]
[Result "1/2-1/2"]
[ECO "D70"]
[WhiteElo "2136"]
[BlackElo "2090"]
[Annotator "ChessBase"]
[PlyCount "80"]
[EventDate "2020.09.30"]
[EventType "team-tourn"]
[EventRounds "7"]
[EventCountry "GER"]
[SourceTitle "playchess.com"]
[Source "ChessBase"]
[SourceQuality "1"]
[TimeControl "30/5400+30:0"]

1. d4 Nf6 2. c4 g6 3. Nf3 Bg7 4. g3 O-O 5. Bg2 c5 6. Nc3 cxd4 7. Nxd4 Nc6 8. O-O Nxd4 9. Qxd4 d6 10. Qh4 Rb8 11. Bg5 Re8 12. Rfd1 Qb6 13. Bf3 Qxb2 14. Bd2 Bf5 15. e4 Bd7 16. c5 Bc6 17. cxd6 exd6 18. Rab1 Qa3 19. Rb3 Qc5 20. Be3 Qc4 21. Rxd6 Nxe4 22. Nxe4 Bxe4 23. Bxe4 Qxe4 24. Qxe4 Rxe4 25. Bxa7 Ra8 26. Rxb7 Rae8 27. Rdd7 Bf6 28. Bc5 R4e5 29. Rxf7 Rxc5 30. Rxf6 Rf8 31. Rxf8+ Kxf8 32. Ra7 h5 33. h4 Kg8 34. Kg2 Rc3 35. Kf1 Rc2 36. f3 Rb2 37. f4 Rc2 38. f5 gxf5 39. Ra5 f4 40. gxf4 Rc4 1/2-1/2

[Event "GER-chT Youth Countries 2020"]
[Site "Berlin"]
[Date "2020.10.01"]
[Round "3"]
[White "Runte, Moritz"]
[Black "Popvasilev, Kaloyan"]
[Result "1-0"]
[ECO "B51"]
[WhiteElo "2114"]
[BlackElo "2145"]
[Annotator "ChessBase"]
[PlyCount "81"]
[EventDate "2020.09.30"]
[EventType "team-tourn"]
[EventRounds "7"]
[EventCountry "GER"]
[SourceTitle "playchess.com"]
[Source "ChessBase"]
[SourceQuality "1"]
[TimeControl "30/5400+30:0"]

1. e4 c5 2. Nf3 d6 3. Bb5+ Nc6 4. O-O Bd7 5. c3 Nf6 6. Re1 a6 7. Ba4 b5 8. Bc2 e5 9. h3 h6 10. d3 g5 11. Nh2 Rg8 12. Ng4 h5 13. Nxf6+ Qxf6 14. Qxh5 Be7 15. Bd1 Nd8 16. Qf3 Qh6 17. Qh5 Qg7 18. Bg4 Rh8 19. Bxd7+ Kxd7 20. Qg4+ Ne6 21. g3 Rag8 22. a4 b4 23. cxb4 cxb4 24. Be3 Qh6 25. Kg2 Ke8 26. Rh1 f5 27. exf5 Nf4+ 28. Kf1 d5 29. d4 a5 30. dxe5 Qa6+ 31. Kg1 d4 32. Bxf4 gxf4 33. Qxf4 Rh4 34. Qf3 Bc5 35. Qd5 Rxg3+ 36. fxg3 Qe2 37. gxh4 Qe1+ 38. Kg2 Qe2+ 39. Kg3 Qe3+ 40. Qf3 Qxe5+ 41. Kg2 1-0

[Event "GER-chT Youth Countries 2020"]
[Site "Berlin"]
[Date "2020.10.01"]
[Round "3"]
[White "Bakiev, Diyor"]
[Black "Pikalow, Michael"]
[Result "1-0"]
[ECO "B22"]
[WhiteElo "2070"]
[BlackElo "2021"]
[Annotator "ChessBase"]
[PlyCount "67"]
[EventDate "2020.09.30"]
[EventType "team-tourn"]
[EventRounds "7"]
[EventCountry "GER"]
[SourceTitle "playchess.com"]
[Source "ChessBase"]
[SourceQuality "1"]
[TimeControl "30/5400+30:0"]

1. e4 c5 2. c3 Nf6 3. e5 Nd5 4. d4 cxd4 5. Nf3 Nc6 6. cxd4 d6 7. Bc4 dxe5 8. dxe5 Ndb4 9. O-O Qxd1 10. Rxd1 Bg4 11. Nc3 Rd8 12. Bg5 h6 13. Nb5 Na6 14. Rxd8+ Nxd8 15. Be3 g6 16. h3 Be6 17. Bxe6 Nxe6 18. Rc1 Nb4 19. Nxa7 Kd7 20. Rd1+ Kc7 21. a3 Nc6 22. Rc1 Bg7 23. b4 Kd7 24. Nxc6 bxc6 25. a4 Ra8 26. a5 Nc7 27. Nd4 Ra6 28. Nb3 Ne6 29. Nc5+ Nxc5 30. Rxc5 Ke6 31. f4 Kf5 32. Kf2 e6 33. g4+ Ke4 34. Ke2 1-0

[Event "GER-chT Youth Countries 2020"]
[Site "Berlin"]
[Date "2020.10.01"]
[Round "3"]
[White "Muedder, Melanie"]
[Black "Farokhi, Keyvan"]
[Result "0-1"]
[ECO "B10"]
[WhiteElo "2039"]
[BlackElo "2001"]
[Annotator "ChessBase"]
[PlyCount "112"]
[EventDate "2020.09.30"]
[EventType "team-tourn"]
[EventRounds "7"]
[EventCountry "GER"]
[SourceTitle "playchess.com"]
[Source "ChessBase"]
[SourceQuality "1"]
[TimeControl "30/5400+30:0"]

1. e4 c6 2. Nf3 d5 3. exd5 cxd5 4. Ne5 Nc6 5. d4 Nf6 6. c3 Bf5 7. Bb5 Qb6 8. Qa4 Rc8 9. Qb3 e6 10. Nd2 Be7 11. O-O O-O 12. f4 Bc2 13. Qxc2 Nxd4 14. Qd3 Nxb5+ 15. Kh1 Nd6 16. Nb3 Nfe4 17. Be3 Qc7 18. Nd4 Nc4 19. Nxc4 Qxc4 20. Qxc4 dxc4 21. f5 exf5 22. Nxf5 Bc5 23. Rae1 Rfe8 24. Bxc5 Rxc5 25. Kg1 g6 26. Ng3 Rce5 27. Nxe4 Rxe4 28. Rd1 Re2 29. Rd7 Rxb2 30. Rfxf7 Re1+ 31. Rf1 Ree2 32. Rff7 Rxg2+ 33. Kf1 Rxh2 34. Kg1 Rbg2+ 35. Kf1 Rxa2 36. Kg1 Rag2+ 37. Kf1 Rd2 38. Rg7+ Kh8 39. Rxd2 Rxd2 40. Rxb7 a5 41. Ra7 Rd5 42. Ke2 h5 43. Rc7 a4 44. Rxc4 Ra5 45. Rd4 a3 46. Rd1 a2 47. Ra1 Kg7 48. Kd3 h4 49. Ke4 Kf6 50. c4 Ke6 51. Kf4 Kd6 52. Kg4 Kc5 53. Kxh4 Kxc4 54. Kg3 Kb3 55. Kf3 Kb2 56. Rg1 a1=Q 0-1

[Event "GER-chT Youth Countries 2020"]
[Site "Berlin"]
[Date "2020.10.01"]
[Round "3"]
[White "Wu, Luka"]
[Black "Stelmaszyk, Nico"]
[Result "1/2-1/2"]
[ECO "B33"]
[WhiteElo "2019"]
[BlackElo "2301"]
[Annotator "ChessBase"]
[PlyCount "79"]
[EventDate "2020.09.30"]
[EventType "team-tourn"]
[EventRounds "7"]
[EventCountry "GER"]
[SourceTitle "playchess.com"]
[Source "ChessBase"]
[SourceQuality "1"]
[TimeControl "30/5400+30:0"]

1. e4 c5 2. Nf3 Nc6 3. d4 cxd4 4. Nxd4 Nf6 5. Nc3 e5 6. Ndb5 d6 7. Bg5 a6 8. Na3 b5 9. Bxf6 gxf6 10. Nd5 Bg7 11. c3 f5 12. Bd3 Be6 13. Nxb5 axb5 14. Bxb5 Bd7 15. exf5 O-O 16. Qg4 Kh8 17. Qe4 Qb8 18. c4 Bxf5 19. Qxf5 Nd4 20. Qb1 Nxb5 21. cxb5 Qxb5 22. Nc3 Qc4 23. Qe4 Qxe4+ 24. Nxe4 d5 25. Ng3 Rfb8 26. O-O Rxb2 27. a4 Ra5 28. Rfc1 h6 29. Nh5 Rb4 30. f3 Kh7 31. g4 Bh8 32. Rc7 e4 33. Rac1 exf3 34. Rxf7+ Kg6 35. Rxf3 Be5 36. Ng3 Kg7 37. Rc6 Rxg4 38. Rb3 Ra7 39. a5 Bxg3 40. hxg3 1/2-1/2

[Event "GER-chT Youth Countries 2020"]
[Site "Berlin"]
[Date "2020.10.01"]
[Round "3"]
[White "Bardorz, Jana"]
[Black "Koenig, Emmilie"]
[Result "1-0"]
[ECO "B13"]
[WhiteElo "1960"]
[BlackElo "1518"]
[Annotator "ChessBase"]
[PlyCount "81"]
[EventDate "2020.09.30"]
[EventType "team-tourn"]
[EventRounds "7"]
[EventCountry "GER"]
[SourceTitle "playchess.com"]
[Source "ChessBase"]
[SourceQuality "1"]
[TimeControl "30/5400+30:0"]

1. e4 c6 2. d4 d5 3. exd5 cxd5 4. Bd3 Nc6 5. c3 Qc7 6. Ne2 Bg4 7. O-O Nf6 8. Qe1 e6 9. f3 Bh5 10. Qh4 Bd6 11. Bg5 Bxh2+ 12. Qxh2 Qxh2+ 13. Kxh2 Bg6 14. Bxg6 hxg6+ 15. Kg1 Nh7 16. Be3 f5 17. Kf2 Kf7 18. Nd2 Rae8 19. f4 Nf6 20. Ng3 Ng4+ 21. Ke2 Kf6 22. Rh1 Rh6 23. Nf3 Reh8 24. Bd2 Nd8 25. Ne5 Rxh1 26. Rxh1 Rxh1 27. Nxg4+ fxg4 28. Nxh1 Nf7 29. g3 Nd6 30. Nf2 Kf5 31. Kd3 b5 32. b3 a6 33. Nd1 Ne4 34. Ne3+ Kf6 35. Nxg4+ Kf5 36. Ne3+ Kf6 37. Be1 g5 38. c4 dxc4+ 39. Kxe4 cxb3 40. axb3 gxf4 41. Kxf4 1-0

[Event "GER-chT Youth Countries 2020"]
[Site "Berlin"]
[Date "2020.10.01"]
[Round "3"]
[White "Schubert, Nikita"]
[Black "Deuer, Marius"]
[Result "0-1"]
[ECO "D71"]
[WhiteElo "1946"]
[BlackElo "2161"]
[Annotator "ChessBase"]
[PlyCount "128"]
[EventDate "2020.09.30"]
[EventType "team-tourn"]
[EventRounds "7"]
[EventCountry "GER"]
[SourceTitle "playchess.com"]
[Source "ChessBase"]
[SourceQuality "1"]
[TimeControl "30/5400+30:0"]

1. d4 Nf6 2. c4 g6 3. g3 c5 4. d5 b5 5. cxb5 a6 6. bxa6 d6 7. Bg2 Bg7 8. Nc3 O-O 9. Nf3 Nbd7 10. O-O Nb6 11. Re1 Bxa6 12. e4 Nfd7 13. Qc2 Nc4 14. Bf1 Nce5 15. Nxe5 Nxe5 16. Kg2 Bxf1+ 17. Rxf1 Qa5 18. Nd1 Qa6 19. Bd2 Nd3 20. Bc3 Qc4 21. f3 Nb4 22. Qd2 Nxa2 23. Bxg7 Kxg7 24. Nc3 Nb4 25. Rfc1 Rfb8 26. Nd1 Qb5 27. Ne3 Rxa1 28. Rxa1 Qd3 29. Rd1 Qb5 30. Qc3+ f6 31. Nc4 Na2 32. Qc2 Qb3 33. Qxb3 Rxb3 34. Ra1 Rb4 35. Rxa2 Rxc4 36. b3 Rb4 37. Ra3 f5 38. exf5 gxf5 39. Kf2 Kf6 40. Ke2 Rd4 41. Ra8 Rxd5 42. Rh8 Kg7 43. Re8 e5 44. Re6 Rd4 45. h4 e4 46. h5 Kf7 47. Rh6 Kg8 48. Rf6 Rd5 49. Re6 Kf7 50. Rh6 Kg7 51. Re6 Rd4 52. Kf2 Rd2+ 53. Ke1 Rd3 54. fxe4 fxe4 55. Kf2 d5 56. Rc6 Rc3 57. g4 h6 58. Ke2 d4 59. Rg6+ Kh7 60. Rc6 e3 61. Rc8 Rc2+ 62. Kd3 Rd2+ 63. Kc4 e2 64. Re8 d3 0-1

[Event "GER-chT Youth Countries 2020"]
[Site "Berlin"]
[Date "2020.10.01"]
[Round "3"]
[White "Moenster, Madita"]
[Black "Schulz, Hannah"]
[Result "1-0"]
[ECO "B10"]
[WhiteElo "1918"]
[BlackElo "1589"]
[Annotator "ChessBase"]
[PlyCount "107"]
[EventDate "2020.09.30"]
[EventType "team-tourn"]
[EventRounds "7"]
[EventCountry "GER"]
[SourceTitle "playchess.com"]
[Source "ChessBase"]
[SourceQuality "1"]
[TimeControl "30/5400+30:0"]

1. e4 c6 2. Nc3 d5 3. Nf3 dxe4 4. Nxe4 Nf6 5. Qe2 Nxe4 6. Qxe4 Nd7 7. Bc4 Nf6 8. Ne5 e6 9. Qe2 Bd6 10. d4 O-O 11. O-O Qc7 12. Re1 c5 13. dxc5 Bxc5 14. Bd3 Bd7 15. Bg5 Nd5 16. Qe4 f5 17. Qe2 Rae8 18. a3 Bd4 19. c4 Bxe5 20. Qxe5 Qxe5 21. Rxe5 Nf6 22. h3 h6 23. Bd2 Bc6 24. Bb4 Rf7 25. Rae1 Bd7 26. Bc3 Rc8 27. R5e2 Nh5 28. Be5 g5 29. g3 Ng7 30. b4 b6 31. Rd2 Kf8 32. c5 bxc5 33. Bd6+ Ke8 34. Bxc5 Rc7 35. Rc2 Bc6 36. Bd6 Rc8 37. Ba6 Kd7 38. Bxc8+ Kxd6 39. Rec1 Bd5 40. Ba6 Ne8 41. Bc4 Nf6 42. Bxd5 exd5 43. Rc6+ Ke5 44. Rc7 Rf8 45. Rxa7 d4 46. f3 Nd5 47. Kf2 f4 48. g4 d3 49. Ke1 Kd4 50. Kd2 Re8 51. Rd7 Re2+ 52. Kd1 Rh2 53. Rc5 Ke3 54. Kc1 1-0

[Event "GER-chT Youth Countries 2020"]
[Site "Berlin"]
[Date "2020.10.01"]
[Round "3"]
[White "Chassard, Cedric"]
[Black "Milare, Tyron"]
[Result "1-0"]
[ECO "B51"]
[WhiteElo "1916"]
[BlackElo "2176"]
[Annotator "ChessBase"]
[PlyCount "56"]
[EventDate "2020.09.30"]
[EventType "team-tourn"]
[EventRounds "7"]
[EventCountry "GER"]
[SourceTitle "playchess.com"]
[Source "ChessBase"]
[SourceQuality "1"]
[TimeControl "30/5400+30:0"]

1. e4 c5 2. Nf3 d6 3. Bb5+ Nd7 4. c3 a6 5. Ba4 b5 6. Bc2 Bb7 7. O-O Ngf6 8. Re1 e5 9. d4 Be7 10. d5 h6 11. Nbd2 g5 12. Nf1 g4 13. Nh4 h5 14. Nf5 Nf8 15. a4 Ng6 16. axb5 axb5 17. Rxa8 Qxa8 18. Qe2 Qa6 19. b3 Bc8 20. Bd3 Bd7 21. Bg5 Kf8 22. Nxe7 Kxe7 23. Ng3 Nf8 24. f4 c4 25. bxc4 Qa7+ 26. Kh1 bxc4 27. Bxc4 N8h7 28. Bh4 exf4 1-0

[Event "GER-chT Youth Countries 2020"]
[Site "Berlin"]
[Date "2020.10.01"]
[Round "3"]
[White "Dietz, Kristin"]
[Black "Poetsch, Leonore"]
[Result "1-0"]
[ECO "C05"]
[WhiteElo "1913"]
[BlackElo "1984"]
[Annotator "ChessBase"]
[PlyCount "59"]
[EventDate "2020.09.30"]
[EventType "team-tourn"]
[EventRounds "7"]
[EventCountry "GER"]
[SourceTitle "playchess.com"]
[Source "ChessBase"]
[SourceQuality "1"]
[TimeControl "30/5400+30:0"]

1. e4 e6 2. d4 d5 3. Nd2 Nf6 4. e5 Nfd7 5. Bd3 c5 6. c3 b6 7. f4 Ba6 8. Ndf3 Bxd3 9. Qxd3 Nc6 10. Ne2 cxd4 11. cxd4 Rc8 12. O-O Ne7 13. Ng5 g6 14. g4 h6 15. Nf3 Nb8 16. Ng3 Rg8 17. Kh1 Nbc6 18. Bd2 Qd7 19. Nh4 Bg7 20. f5 gxf5 21. gxf5 f6 22. Rae1 exf5 23. exf6 Bxf6 24. Nhxf5 Bg5 25. Nxe7 Bxe7 26. Qh7 Qg4 27. Qf7+ Kd7 28. Qxd5+ Ke8 29. Nf5 Rc7 30. Nxh6 1-0

[Event "GER-chT Youth Countries 2020"]
[Site "Berlin"]
[Date "2020.10.01"]
[Round "3"]
[White "Weidenhoefer, Max"]
[Black "Kolb, Tobias"]
[Result "0-1"]
[ECO "C54"]
[WhiteElo "1897"]
[BlackElo "2268"]
[Annotator "ChessBase"]
[PlyCount "34"]
[EventDate "2020.09.30"]
[EventType "team-tourn"]
[EventRounds "7"]
[EventCountry "GER"]
[SourceTitle "playchess.com"]
[Source "ChessBase"]
[SourceQuality "1"]
[TimeControl "30/5400+30:0"]

1. e4 e5 2. Nf3 Nc6 3. Bc4 Bc5 4. c3 Nf6 5. d3 h6 6. Bb3 d6 7. h3 O-O 8. g4 d5 9. g5 hxg5 10. exd5 Nxd5 11. Nxg5 Bf5 12. Qf3 Nf4 13. Bxf4 exf4 14. Ne4 Ne5 15. Qg2 f3 16. Qg5 Nxd3+ 17. Kf1 Bxe4 0-1

[Event "GER-chT Youth Countries 2020"]
[Site "Berlin"]
[Date "2020.10.01"]
[Round "3"]
[White "Halabi, Ibrahim"]
[Black "Kluehs, Gustaf"]
[Result "1-0"]
[ECO "B33"]
[WhiteElo "1895"]
[BlackElo "1827"]
[Annotator "NA"]
[PlyCount "85"]
[EventDate "2020.09.30"]
[EventType "team-tourn"]
[EventRounds "7"]
[EventCountry "GER"]
[SourceTitle "playchess.com"]
[Source "ChessBase"]
[SourceQuality "1"]
[TimeControl "30/5400+30:0"]

1. e4 c5 2. Nf3 Nc6 3. d4 cxd4 4. Nxd4 Nf6 5. Nc3 e5 6. Ndb5 d6 7. Bg5 a6 8. Na3 b5 9. Nd5 Be7 10. Bxf6 Bxf6 11. c3 Bg5 12. Nc2 O-O 13. a4 bxa4 14. Rxa4 a5 15. Bc4 Rb8 16. b3 Kh8 17. Nce3 f5 18. exf5 Bxe3 19. Nxe3 Ne7 20. O-O Bb7 21. Be6 Bc8 22. Nc4 Bxe6 23. fxe6 Nf5 24. Rxa5 Nh4 25. Qxd6 Qg5 26. Ne3 Rbe8 27. Ra7 Rf3 28. Rf7 Qg6 29. Rxf3 Nxf3+ 30. Kh1 Nh4 31. Qb4 Nf5 32. Nxf5 Qxf5 33. e7 Qe6 34. Rd1 Qg6 35. h3 Qg5 36. Rd7 h5 37. Rb7 Kh7 38. Qe4+ g6 39. Qb4 Qd2 40. f3 Qe1+ 41. Kh2 h4 42. Qg4 Kh6 43. Rb6 1-0

[Event "GER-chT Youth Countries 2020"]
[Site "Berlin"]
[Date "2020.10.01"]
[Round "3"]
[White "Rudolph, Eva"]
[Black "Sommer, Justus"]
[Result "1-0"]
[ECO "C44"]
[WhiteElo "1836"]
[BlackElo "1845"]
[Annotator "NA"]
[PlyCount "157"]
[EventDate "2020.09.30"]
[EventType "team-tourn"]
[EventRounds "7"]
[EventCountry "GER"]
[SourceTitle "playchess.com"]
[Source "ChessBase"]
[SourceQuality "1"]
[TimeControl "30/5400+30:0"]

1. e4 e5 2. Nf3 Nc6 3. d4 exd4 4. Nxd4 Nf6 5. Nc3 Bb4 6. Nxc6 bxc6 7. Bd3 h6 8. O-O O-O 9. Re1 d5 10. Bd2 Bg4 11. f3 Bc5+ 12. Kh1 Be6 13. e5 Nd7 14. f4 f5 15. Qf3 Qe8 16. Ne2 Bb6 17. Be3 c5 18. c3 Rc8 19. Bc2 c6 20. Red1 Qe7 21. Bf2 g5 22. Qh5 Qg7 23. Ng3 Bd8 24. Re1 Be7 25. Rad1 Rb8 26. Rb1 Nb6 27. b3 Rf7 28. Qf3 g4 29. Qe3 Qg6 30. h3 h5 31. hxg4 hxg4 32. Kg1 Rd8 33. Rbc1 Rh7 34. Kf1 d4 35. cxd4 cxd4 36. Qd2 c5 37. Bd3 Nd5 38. Bg1 Rc8 39. Bf2 Bh4 40. Red1 Bxg3 41. Bxg3 Ne3+ 42. Kf2 Nxd1+ 43. Qxd1 Bd5 44. Qc2 Rf7 45. Qe2 Re7 46. b4 Rec7 47. bxc5 Qe6 48. Qb2 Rxc5 49. Rxc5 Rxc5 50. Qxd4 Ra5 51. a4 Qc6 52. Bb5 Qc2+ 53. Ke3 Qxg2 54. Be1 Qg1+ 55. Bf2 Qc1+ 56. Ke2 Qc2+ 57. Ke3 Qb3+ 58. Kd2 Qa2+ 59. Ke3 Qb3+ 60. Kd2 a6 61. Bc6 Qa2+ 62. Ke3 Qa3+ 63. Kd2 Qb3 64. Ke1 g3 65. Bg1 g2 66. e6 Qb1+ 67. Kd2 Qa2+ 68. Ke1 Qc4 69. Qxc4 Bxc4 70. e7 Bf7 71. Bb6 Kg7 72. Kf2 Be8 73. Bxe8 Rd5 74. Bc6 Rd2+ 75. Kg1 Rd1+ 76. Kxg2 Rd2+ 77. Kf3 Rd3+ 78. Ke2 Rd6 79. e8=Q 1-0

[Event "GER-chT Youth Countries 2020"]
[Site "Berlin"]
[Date "2020.10.01"]
[Round "3"]
[White "Wagner, Margarethe"]
[Black "Kadach, Maria"]
[Result "1-0"]
[ECO "B13"]
[WhiteElo "1804"]
[BlackElo "1539"]
[Annotator "NA"]
[PlyCount "68"]
[EventDate "2020.09.30"]
[EventType "team-tourn"]
[EventRounds "7"]
[EventCountry "GER"]
[SourceTitle "playchess.com"]
[Source "ChessBase"]
[SourceQuality "1"]
[TimeControl "30/5400+30:0"]

1. e4 c6 2. d4 d5 3. exd5 cxd5 4. Bd3 Nc6 5. c3 Nf6 6. Bf4 Bg4 7. Qb3 Qc8 8. Nd2 e6 9. Ngf3 Be7 10. O-O a6 11. a4 Bh5 12. Ne5 Nd7 13. Ndf3 f6 14. Nxd7 Qxd7 15. Be2 Bg6 16. Rfe1 O-O 17. Qd1 Rac8 18. Bd3 Bxd3 19. Qxd3 Rfe8 20. Nd2 Na5 21. b3 Red8 22. Rac1 Bf8 23. Qh3 Re8 24. Re3 b5 25. axb5 axb5 26. Ra1 Ra8 27. Ree1 b4 28. Ra4 bxc3 29. Qxc3 Nc6 30. Rc1 Rxa4 31. bxa4 Nb4 32. Qb3 Ra8 33. Ra1 Qc6 34. Nf3 Qc2 1-0

[Event "GER-chT Youth Countries 2020"]
[Site "Berlin"]
[Date "2020.10.01"]
[Round "3"]
[White "Schwartz, Oliver"]
[Black "Nguyen, Ha Thanh"]
[Result "0-1"]
[ECO "B33"]
[WhiteElo "1794"]
[BlackElo "2019"]
[Annotator "ChessBase"]
[PlyCount "104"]
[EventDate "2020.09.30"]
[EventType "team-tourn"]
[EventRounds "7"]
[EventCountry "GER"]
[SourceTitle "playchess.com"]
[Source "ChessBase"]
[SourceQuality "1"]
[TimeControl "30/5400+30:0"]

1. e4 c5 2. Nf3 Nc6 3. d4 cxd4 4. Nxd4 Nf6 5. Nc3 e5 6. Ndb5 d6 7. Bg5 a6 8. Na3 b5 9. Nd5 Be7 10. Bxf6 Bxf6 11. c3 O-O 12. Nc2 Bg5 13. h4 Bh6 14. g4 Bf4 15. Qf3 Be6 16. Nxf4 exf4 17. Qxf4 Ne5 18. Be2 a5 19. Qg3 Bc4 20. f4 Nd7 21. Bf3 Nc5 22. Kd2 b4 23. Ne3 bxc3+ 24. bxc3 Bd3 25. Rae1 Rb8 26. Nd1 Qb6 27. Re3 Qb1 28. Rh2 Bxe4 29. Rg2 d5 30. g5 Rfd8 31. Ke1 d4 32. cxd4 Rxd4 33. Kf2 Bxf3 34. Qxf3 Qxd1 35. Qxd1 Rxd1 36. h5 Rd2+ 37. Kf3 Rxg2 38. Kxg2 Kf8 39. Kg3 Rb2 40. Re5 Rc2 41. Kg4 Rc4 42. g6 hxg6 43. hxg6 Rxf4+ 44. Kh5 Rc4 45. Rd5 f6 46. a4 Ne4 47. Rd3 Rxa4 48. Re3 f5 49. Rb3 Rb4 50. Rd3 Ke7 51. Rf3 Ke6 52. Rd3 Nf6+ 0-1

[Event "GER-chT Youth Countries 2020"]
[Site "Berlin"]
[Date "2020.10.01"]
[Round "3"]
[White "Mundt, Alexandra"]
[Black "Bashylina, Luisa"]
[Result "1/2-1/2"]
[ECO "A05"]
[WhiteElo "1786"]
[BlackElo "2005"]
[Annotator "ChessBase"]
[PlyCount "91"]
[EventDate "2020.09.30"]
[EventType "team-tourn"]
[EventRounds "7"]
[EventCountry "GER"]
[SourceTitle "playchess.com"]
[Source "ChessBase"]
[SourceQuality "1"]
[TimeControl "30/5400+30:0"]

1. Nf3 Nf6 2. g3 d5 3. d4 e6 4. Bg2 Be7 5. O-O O-O 6. Nbd2 b6 7. b3 Bb7 8. Bb2 Nbd7 9. e3 Rc8 10. Rc1 c5 11. c4 h6 12. Re1 Re8 13. Ne5 Rc7 14. Ndf3 cxd4 15. exd4 Bb4 16. Nxd7 Rxd7 17. Re2 dxc4 18. Ne5 Rc7 19. Bxb7 Rxb7 20. Nc6 Qd6 21. Nxb4 Qxb4 22. Rxc4 Qd6 23. Qc1 Rd7 24. Ba3 Qd5 25. Re5 Qb7 26. Re2 Red8 27. Bb2 Nd5 28. Rec2 Ne7 29. Rc7 Qd5 30. Ba3 Nf5 31. Rxd7 Rxd7 32. Rc8+ Kh7 33. Bb2 Nxd4 34. Bxd4 Qxd4 35. Qc2+ g6 36. Rc7 Qd6 37. Rxd7 Qxd7 38. Qc3 a5 39. Qe3 Qd6 40. Qf3 f5 41. Qb7+ Kg8 42. Qc8+ Kg7 43. Qb7+ Kg8 44. Qc8+ Kf7 45. Qh8 Qf8 46. Qd4 1/2-1/2

[Event "GER-chT Youth Countries 2020"]
[Site "Berlin"]
[Date "2020.10.01"]
[Round "3"]
[White "Yue, Qizhou"]
[Black "Fock, Sana"]
[Result "1-0"]
[ECO "B23"]
[WhiteElo "1775"]
[BlackElo "1829"]
[Annotator "NA"]
[PlyCount "74"]
[EventDate "2020.09.30"]
[EventType "team-tourn"]
[EventRounds "7"]
[EventCountry "GER"]
[SourceTitle "playchess.com"]
[Source "ChessBase"]
[SourceQuality "1"]
[TimeControl "30/5400+30:0"]

1. e4 c5 2. Nc3 d6 3. f4 Nc6 4. Bb5 Bd7 5. Nf3 e6 6. d3 a6 7. Bxc6 Bxc6 8. O-O Nf6 9. Qe1 Be7 10. e5 dxe5 11. fxe5 Nd5 12. Qg3 Nxc3 13. bxc3 Qd7 14. Ng5 f6 15. exf6 gxf6 16. Nxh7 Rxh7 17. Qg8+ Bf8 18. Rxf6 Qg7 19. Rxf8+ Qxf8 20. Qxh7 O-O-O 21. Bh6 Qf6 22. Rf1 Qxc3 23. Bf4 Qd4+ 24. Kh1 Qd7 25. Qxd7+ Kxd7 26. Bg3 Ke7 27. Bh4+ Ke8 28. Bxd8 Kxd8 29. h4 c4 30. d4 Be4 31. Rf2 Ke7 32. Kh2 b5 33. g4 b4 34. h5 a5 35. g5 a4 36. g6 c3 37. g7 Bh7 1-0